 Dungeon Crawl Stone Soup version 0.29-a0-1018-g6b6670bd90 (webtiles) character file.

Game seed: 17989518637428030702

43983 Lycake the Warrior (level 13, 0/128 HPs)
             Began as a Minotaur Fighter on Aug 10, 2022.
             Was a High Priest of Okawaru.
             Slain by a seven-headed hydra (2 damage)
             ... on level 5 of the Lair of Beasts.
             The game lasted 01:11:35 (23756 turns).

Lycake the Warrior (Minotaur Fighter)              Turns: 23756, Time: 01:11:37

Health: 0/128      AC: 29    Str: 36    XL:     13   Next: 93%
Magic:  16/18      EV: 10    Int:  5    God:    Okawaru [*****.]
Gold:   922        SH:  8    Dex: 10    Spells: 12/12 levels left

rFire   . . .      SeeInvis .   b - +4 broad axe (chaos)
rCold   . . .      Faith    .   c - +0 buckler
rNeg    . . .      Spirit   .   z - +0 plate armour
rPois   .          Reflect  .   (helmet restricted)
rElec   .          Harm     .   H - +1 cloak
rCorr   .          Rampage  .   e - +2 pair of gloves
Will    .....                   y - +0 pair of boots "Qeifuq" {Str+4}
Stlth   ..........              (no amulet)
HPRegen 0.31/turn               A - +6 ring of strength
MPRegen 0.16/turn               R - +4 ring of protection

@: heroic
A: horns 2, retaliatory headbutt
a: Renounce Religion, Heroism, Finesse, Duel


You were on level 5 of the Lair of Beasts.
You worshipped Okawaru.
Okawaru was extremely pleased with you.
You visited 3 branches of the dungeon, and saw 17 of its levels.

You collected 922 gold pieces.

Inventory:

Hand Weapons
 b - a +4 broad axe of chaos (weapon)
 q - a +4 antimagic spear
 D - a +1 battleaxe of freezing
 E - a +2 war axe of flaming
 G - a -1 demon whip of venom
 P - the +4 broad axe of Acvuta {flame, Int+3}
   (Okawaru gifted it to you on level 2 of the Lair of Beasts)

   It burns those it strikes, dealing additional fire damage.
   Big, fiery blades are also staple armaments of hydra-hunters.
   Int:       It affects your intelligence (+3).
Missiles
 u - 5 silver boomerangs (quivered)
 B - 19 poisoned darts
 F - 7 javelins
 I - 4 atropa-tipped darts
 M - a throwing net
Armour
 c - a +0 buckler (worn)
 e - a +2 pair of gloves (worn)
 y - the +0 pair of boots "Qeifuq" (worn) {Str+4}
   (You found it on level 6 of the Dungeon)

   Str:       It affects your strength (+4).
 z - a +0 plate armour (worn)
 H - a +1 cloak (worn)
Magical Staves
 t - a staff of poison
Jewellery
 A - a +6 ring of strength (left hand)
 R - a +4 ring of protection (right hand)
Wands
 i - a wand of quicksilver (9)
 n - a wand of roots (9)
 s - a wand of polymorph (28)
 S - a wand of flame (13)
Scrolls
 f - 2 scrolls of magic mapping
 g - 6 scrolls of teleportation
 j - a scroll of brand weapon
 w - 4 scrolls of vulnerability
 L - a scroll of amnesia
 N - a scroll of immolation
 O - 4 scrolls of poison
 U - a scroll of identify
Potions
 d - 2 potions of haste
 h - 2 potions of attraction
 k - 6 potions of curing
 l - 3 potions of lignification
 m - a potion of flight
 p - 3 potions of ambrosia
 r - 3 potions of might
 x - 2 potions of berserk rage
 C - 2 potions of resistance
 Q - a potion of heal wounds
 V - a potion of brilliance
Miscellaneous
 T - a piece from Xom's chessboard (15/15)
 X - a lightning rod (4/4)


   Skills:
 * Level 16.0(21.0) Fighting
 * Level 15.8(20.8) Axes
 + Level 11.9(16.9) Armour
 + Level 11.8(16.8) Shields
 + Level 8.9 Invocations


You had 12 spell levels left.
You didn't know any spells.
Your spell library contained the following spells:

 Spells                   Type           Power      Damage    Failure   Level
 Foxfire                  Conj/Fire      0%         2x1d4     92%         1
 Magic Dart               Conj           0%         1d3       92%         1
 Slow                     Hex            0%         N/A       92%         1
 Sting                    Tmut/Pois      0%         1d3       92%         1
 Poisonous Vapours        Pois/Air       0%         N/A       98%         2
 Static Discharge         Conj/Air       0%         3-3/arc   98%         2
 Confusing Touch          Hex            0%         N/A       100%        3
 Conjure Flame            Conj/Fire      0%         6-21      100%        3
 Frozen Ramparts          Ice            0%         1d1       100%        3
 Inner Flame              Hex/Fire       0%         N/A       100%        3
 Mephitic Cloud           Conj/Pois/Air  0%         N/A       100%        3
 Ozocubu's Armour         Ice            0%         N/A       100%        3
 Vampiric Draining        Necr           0%         2d6       100%        3
 Corpse Rot               Necr/Pois/Air  0%         N/A       100%        4
 Flame Wave               Conj/Fire      0%         2d4       100%        4
 Fulminant Prism          Conj/Hex       0%         3d6       100%        4
 Ice Form                 Ice/Tmut       0%         N/A       100%        4
 Olgreb's Toxic Radiance  Pois           0%         N/A       100%        4
 Yara's Violent Unravell  Hex/Tmut       0%         3d3       100%        5
 Conjure Ball Lightning   Conj/Air       0%         3x3d6     100%        6
 Enfeeble                 Hex            0%         N/A       100%        7
 Ozocubu's Refrigeration  Ice            0%         4d7       100%        7
 Call Imp                 Summ           Unusable   N/A       N/A         2
 Summon Ice Beast         Ice/Summ       Unusable   N/A       N/A         4

Dungeon Overview and Level Annotations

Branches:
Dungeon (11/15)            Temple (1/1) D:5            Lair (5/5) D:9
 Shoals (0/4) Lair:2        Snake (0/4) Lair:3        Slime (0/5) Lair:4
    Orc (0/2) D:11

Altars:
Ashenzari
Cheibriados
Dithmenos
Elyvilon
Fedhas
Gozag
Hepliaklqana
Kikubaaqudgha
Makhleb
Nemelex Xobeh
Okawaru
Qazlal
Ru
Sif Muna
Trog
Uskayaw
Vehumet
Wu Jian
Xom
Yredelemnul
Zin
The Shining One
Jiyva

Shops:
D:5 *


Innate Abilities, Weirdness & Mutations

You have a pair of horns on your head.
You reflexively headbutt those who attack you in melee.


Message History

* * * LOW HITPOINT WARNING * * *
The eight-headed hydra bites you!
* * * LOW HITPOINT WARNING * * *
The eight-headed hydra barely misses you.
The eight-headed hydra bites you but does no damage. x5
Blink to where?
Press: ? - help, Dir - move target
Okay, then.
Blink to where?
Press: ? - help, Dir - move target
As you read the scroll of blinking, it crumbles to dust.
The six-headed hydra rages.
You gain the combat prowess of a mighty hero.
The six-headed hydra bites you.
* * * LOW HITPOINT WARNING * * *
The six-headed hydra bites you but does no damage.
The six-headed hydra closely misses you.
The six-headed hydra bites you.
* * * LOW HITPOINT WARNING * * *
You block the six-headed hydra's attack. x2
The six-headed hydra bites you but does no damage.
You block the six-headed hydra's attack.
The six-headed hydra bites you but does no damage.
The six-headed hydra bites you!
* * * LOW HITPOINT WARNING * * *
The six-headed hydra bites you but does no damage.
You block the six-headed hydra's attack.
You lop one of the six-headed hydra's heads off!
The five-headed hydra grows two more!
You slice the seven-headed hydra like a ripe choko!!!
You burn the seven-headed hydra.
The seven-headed hydra is severely wounded.
You slash the fungus!
The fungus begins to die.
Lightning courses through the fungus!
You hear an angry hiss.
The seven-headed hydra bites you!
* * * LOW HITPOINT WARNING * * *
The seven-headed hydra bites you but does no damage. x3
The seven-headed hydra bites you.
You die...

##....# .. #....## .#.#
###.#.# #..## #...##
####...# #.. ###..##
###.....#####.. ####....###
##.#...P...#.#..
..........###...............
..........D#PP..............
##.#.##P#.#@................
#### ####.....#............
#P.######.......... #..(#
#........... #P.##
#P.......... #...
#........... ....#
#........... .....
#.#....#..... ....
#.#....###....


You could see a seven-headed hydra (berserk).

Vanquished Creatures
  Josephine (Arena)
  5 hydras
  A boulder beetle (D:10)
  2 catoblepae
  A two-headed ogre (D:9)
  The ghost of WasteTime5 the Cleaver, a novice HOBe of Trog (D:7)
  The ghost of MirrMurr the Spear-Bearer, a novice DsGl (D:6)
  7 death yaks
  Urug (D:10)
  Nergalle (Lair:2)
  The ghost of generaletaddeo the Insei, a novice MeTm of Cheibriados (D:6)
  Amaemon (D:9)
  The ghost of fedoskokos the Magician, a novice DrCj of Vehumet (D:7)
  A lindwurm (Lair:2)
  3 oklob plants (Lair:4)
  The ghost of paps the Trooper, a novice DsGl (D:6)
  A deep elf pyromancer (D:11)
  18 elephants
  2 merfolk sirens (Lair:2)
  3 black mambas
  2 gargoyles (D:11)
  An orange demon (D:9)
  A torpor snail (Lair:2)
  A rime drake (Lair:1)
  10 cane toads
  2 unseen horrors
  3 komodo dragons
  2 polar bears
  Prince Ribbit (D:6)
  2 merfolk (Lair:2)
  3 trolls
  A hornet (D:9)
  The ghost of Smoky173 the Jester, an amateur DsMo of Nemelex Xobeh (D:5)
  10 dream sheep
  5 wraiths (D:11)
  2 basilisks
  2 vampires
  6 wyverns
  2 steam dragons (D:8)
  26 yaks
  A wyvern (shapeshifter) (Lair:2)
  5 water moccasins
  2 orc warriors (D:6)
  A black bear (D:6)
  Duvessa (D:5)
  An ogre (D:6)
  3 wolves (Lair:1)
  3 centaurs
  A phantom (D:5)
  2 kobold brigands
  7 bullfrogs
  2 gnoll sergeants
  A scorpion (D:7)
  Dowan (D:5)
  20 killer bees
  2 hounds (D:5)
  2 gnoll boudas
  A jelly (D:7)
  3 orc priests
  5 iguanas
  Ijyb (D:4)
  6 orc wizards
  17 gnolls
  14 adders
  A shadow imp (D:8)
  A white imp (D:5)
  2 ufetubi
  2 worms (D:3)
  A dart slug (D:1)
  36 orcs
  4 endoplasms
  4 giant cockroaches
  4 hobgoblins
  13 jackals
  3 quokkas
  7 ball pythons
  2 bats
  3 frilled lizards
  9 goblins
  18 kobolds
  3 rats
351 creatures vanquished.

Vanquished Creatures (others)
  8 fungi
  13 plants
21 creatures vanquished.

Grand Total: 372 creatures vanquished

Notes
Turn   | Place    | Note
-------+----------+-------------------------------------------
     0 | D:1      | Lycake the Minotaur Fighter began the quest for the Orb.
     0 | D:1      | Reached XP level 1. HP: 19/19 MP: 0/0
   234 | D:1      | Reached XP level 2. HP: 21/27 MP: 1/1
   477 | D:1      | Reached skill level 4 in Fighting
  1025 | D:2      | Reached XP level 3. HP: 29/33 MP: 2/2
  1191 | D:2      | Found a faded altar of an unknown god.
  1417 | D:2      | Reached XP level 4. HP: 9/41 MP: 3/3
  1419 | D:2      | HP: 2/41 [poisoned by an adder]
  2025 | D:2      | Reached skill level 5 in Fighting
  2025 | D:2      | Reached XP level 5. HP: 6/48 MP: 4/4
  2392 | D:3      | Found a snail-covered altar of Cheibriados.
  2710 | D:4      | Noticed Ijyb
  2936 | D:4      | Killed Ijyb
  3318 | D:5      | Entered Level 5 of the Dungeon
  3326 | D:5      | Reached XP level 6. HP: 56/56 MP: 5/5
  3340 | D:5      | Found a bloodstained altar of Trog.
  3371 | D:5      | Found a staircase to the Ecumenical Temple.
  3377 | Temple   | Entered the Ecumenical Temple
  3556 | D:5      | Reached skill level 5 in Axes
  4031 | D:5      | Reached skill level 6 in Fighting
  4135 | D:5      | Reached skill level 5 in Armour
  4147 | D:5      | Found an iron altar of Okawaru.
  4152 | D:5      | Became a worshipper of Warmaster Okawaru
  4232 | D:5      | Reached skill level 5 in Shields
  4277 | D:5      | Reached XP level 7. HP: 58/64 MP: 6/6
  4347 | D:5      | Found a runed translucent gate.
  4348 | D:5      | Found a runed translucent gate.
  4349 | D:5      | Found a runed translucent gate.
  4350 | D:5      | Noticed Smoky173's ghost (amateur DsMo)
  4377 | D:5      | Killed Smoky173's ghost
  4377 | D:5      | Reached * piety under Okawaru
  4388 | D:5      | Noticed Dowan
  4390 | D:5      | Noticed Duvessa
  4419 | D:5      | Killed Duvessa
  4420 | D:5      | Reached skill level 7 in Fighting
  4453 | D:5      | Killed Dowan
  4720 | D:5      | Reached skill level 1 in Invocations
  4843 | D:5      | Found Ipydejikh's Gadget Gallery.
  4998 | D:5      | Reached XP level 8. HP: 65/73 MP: 7/7
  5688 | D:6      | HP: 1/73 [orc warrior/+0 flail (7)]
  5691 | D:6      | Reached ** piety under Okawaru
  6238 | D:6      | Noticed Prince Ribbit
  6246 | D:6      | Killed Prince Ribbit
  6247 | D:6      | Reached skill level 8 in Fighting
  6616 | D:6      | Found a runed translucent gate.
  6617 | D:6      | Found a runed translucent gate.
  6617 | D:6      | Noticed paps's ghost (novice DsGl)
  6618 | D:6      | Found a runed translucent gate.
  6828 | D:6      | Killed paps's ghost
  6829 | D:6      | Reached XP level 9. HP: 41/82 MP: 6/10
  7057 | D:6      | Identified the +0 pair of boots "Qeifuq" {Str+4}
  7307 | D:7      | Found an ornate altar of the Wu Jian Council.
  7312 | D:7      | Reached *** piety under Okawaru
  7313 | D:7      | Reached skill level 9 in Fighting
  7399 | D:7      | Found a runed translucent gate.
  7400 | D:7      | Found a runed translucent gate.
  7400 | D:7      | Found a runed translucent gate.
  7401 | D:7      | Noticed WasteTime5's ghost (novice HOBe)
  7401 | D:7      | Noticed MirrMurr's ghost (novice DsGl)
  7401 | D:7      | Noticed fedoskokos's ghost (novice DrCj)
  7401 | D:7      | Noticed generaletaddeo's ghost (novice MeTm)
  7417 | D:7      | Found a hazy altar of Hepliaklqana.
  7437 | D:7      | Identified the +1 scale mail of Conscience {rElec rC+
                  | Int-5}
  7762 | D:7      | Found a sparkling altar of Nemelex Xobeh.
  7950 | D:7      | Found a white marble altar of Elyvilon.
  8310 | D:8      | Found a glowing silver altar of Zin.
  8314 | D:8      | Found a shadowy altar of Dithmenos.
  8314 | D:8      | Found a glowing golden altar of the Shining One.
  8665 | D:8      | Found a broken altar of Ashenzari.
  9321 | D:8      | Found a burning altar of Makhleb.
 10103 | D:8      | Reached skill level 10 in Fighting
 10225 | D:9      | Found a staircase to the Lair.
 10469 | D:9      | Noticed a lindwurm
 10536 | D:9      | Reached **** piety under Okawaru
 10540 | D:9      | Reached XP level 10. HP: 87/93 MP: 12/12
 10679 | D:9      | Paralysed by a hornet for 1 turns
 11016 | D:9      | Noticed a two-headed ogre
 11023 | D:9      | Killed a two-headed ogre
 11024 | D:9      | Reached skill level 10 in Axes
 11361 | D:9      | Noticed an orange demon
 11367 | D:9      | Killed an orange demon
 11418 | D:9      | Noticed Amaemon
 11433 | D:9      | Killed Amaemon
 11868 | D:9      | Noticed a lindwurm
 11868 | D:9      | Noticed a lindwurm
 11880 | D:9      | Noticed a lindwurm
 11990 | D:10     | Entered Level 10 of the Dungeon
 12066 | D:10     | Identified the +0 leather armour of Proximity {Str+4}
 12107 | D:10     | Reached skill level 11 in Fighting
 12377 | D:10     | Found a basalt altar of Yredelemnul.
 12401 | D:10     | Reached skill level 5 in Invocations
 12496 | D:10     | Noticed Urug
 12509 | D:10     | Killed Urug
 12791 | D:10     | Reached ***** piety under Okawaru
 13006 | D:10     | Reached XP level 11. HP: 103/103 MP: 14/14
 13438 | D:11     | Noticed a boulder beetle
 13449 | D:10     | Killed a boulder beetle
 13449 | D:10     | Identified the +2 pair of boots of Least Resistance {rPois
                  | rCorr} (Okawaru gifted it to you on level 10 of the
                  | Dungeon)
 13449 | D:10     | Received a gift from Okawaru
 13641 | D:11     | Found a stormy altar of Qazlal.
 13739 | D:11     | Noticed a four-headed hydra
 13750 | D:11     | Killed an eight-headed hydra
 13751 | D:11     | Reached skill level 12 in Fighting
 13797 | D:11     | Found a staircase to the Orcish Mines.
 13871 | D:11     | Noticed Josephine
 13877 | Arena    | Entered the Arena
 13887 | Arena    | Killed Josephine
 13973 | D:11     | HP: 1/105 [something (6)]
 15004 | D:11     | Noticed a deep elf pyromancer
 15016 | D:11     | Killed a deep elf pyromancer
 15586 | D:6      | Killed MirrMurr's ghost
 15736 | D:6      | Killed generaletaddeo's ghost
 15737 | D:6      | Reached skill level 13 in Fighting
 16027 | D:7      | Killed WasteTime5's ghost
 16229 | D:7      | Killed fedoskokos's ghost
 16230 | D:7      | Reached XP level 12. HP: 107/115 MP: 8/16
 17821 | Lair:1   | Entered Level 1 of the Lair of Beasts
 18357 | Lair:1   | Reached skill level 10 in Armour
 18589 | Lair:1   | Reached skill level 10 in Shields
 19440 | Lair:2   | Found a staircase to the Shoals.
 19476 | Lair:2   | Noticed a death yak
 19476 | Lair:2   | Noticed a death yak
 19495 | Lair:1   | Killed a death yak
 19497 | Lair:1   | Killed a death yak
 19539 | Lair:2   | Noticed a death yak
 19540 | Lair:2   | Noticed a death yak
 19540 | Lair:2   | Noticed a death yak
 19540 | Lair:2   | Noticed a death yak
 19548 | Lair:2   | Killed a death yak
 19549 | Lair:2   | Reached skill level 14 in Fighting
 19550 | Lair:2   | Killed a death yak
 19556 | Lair:2   | Killed a death yak
 19557 | Lair:2   | Killed a death yak
 19994 | Lair:2   | Noticed Nergalle
 20002 | Lair:2   | Killed Nergalle
 20004 | Lair:2   | Got Bydweq's Catalogue of Attacks
 20084 | Lair:2   | Identified the +4 broad axe of Acvuta {flame, Int+3}
                  | (Okawaru gifted it to you on level 2 of the Lair of Beasts)
 20084 | Lair:2   | Received a gift from Okawaru
 20188 | Lair:2   | Noticed a catoblepas
 20188 | Lair:2   | Noticed a death yak
 20218 | Arena    | Entered the Arena
 20225 | Arena    | Killed a catoblepas
 20242 | Lair:2   | Killed a death yak
 20326 | Lair:2   | Identified the +2 leather armour "Ajul" {Str+4 SInv}
 20525 | Lair:2   | Reached XP level 13. HP: 125/125 MP: 17/17
 21225 | Lair:3   | Reached skill level 15 in Fighting
 21530 | Lair:3   | Found a staircase to the Snake Pit.
 22203 | Lair:3   | Identified the +1 robe of the End {rC+} (Okawaru gifted it
                  | to you on level 3 of the Lair of Beasts)
 22203 | Lair:3   | Received a gift from Okawaru
 22206 | Lair:3   | Reached skill level 15 in Axes
 23235 | Lair:4   | Found a staircase to the Slime Pits.
 23235 | Lair:4   | Found a viscous altar of Jiyva.
 23456 | Lair:5   | Entered Level 5 of the Lair of Beasts
 23582 | Lair:5   | Reached skill level 16 in Fighting
 23756 | Lair:5   | HP: 2/128 [seven-headed hydra (11)]
 23756 | Lair:5   | Slain by a seven-headed hydra

Illustrated notes

Levels and vault maps discovered:
D:1:      elethiomel_arrival_maze, layout_basic
D:2:      layout_basic, shapermc_ecumenical_altar_mp_vishouse
D:3:      layout_rooms, slow_altar_1, minmay_shallow_snake_nest
D:4:      layout_rooms, uniq_ijyb
D:5:      layout_basic, overflow_temple_1_default, trog_antimagical,
          minmay_temple_entry_hall, ebering_ghost_rock_garden,
          grunt_ministairs_11, nicolae_shop_gadgets, uniq_duvessa
D:6:      layout_loops_cross, biasface_ghost_orc_armoury,
          kennysheep_small_spiral, grunt_decor_fettered, uniq_prince_ribbit1
D:7:      layout_loops_ring, nemelex_diamond_rough_becter,
          mainiacjoe_overflow_surrounded_room,
          mainiacjoe_overflow_concentric_impassable, overflow_temple_1_default,
          gammafunk_ghost_cemetery
D:8:      layout_basic, old_standard_altar, grunt_temple_overflow_open,
          kennysheep_mini, grunt_ministairs_10
D:9:      layout_cave_pods, lair_entry_dummy, minmay_lindwurm_lava, uniq_amaemon
D:10:     layout_loops_corners, mainiacjoe_overflow_catwalk,
          chequers_serial_rivers_micro_c, amethyst_killhole,
          chequers_mini_garden, kennysheep_cross_bottleneck,
          amcnicky_mini_rare_corridor_liquid, minmay_misc_feat_doors, uniq_urug
D:11:     layout_layer_cave, orc_0_dummy, nicolae_qazlal_general_emergency,
          uniq_josephine
Temple:   hellmonk_temple_beads
Lair:1:   layout_regular_city, fungi_pond_lemuel
Lair:2:   layout_misc_corridors, elwin_shoals_entry_stream,
          minmay_shattered_shrine, uniq_nergalle
Lair:3:   layout_hall_layers, dummy_snake_entry
Lair:4:   layout_roguey, minmay_slime_entry_oklob_open, grunt_megastairs_1
Lair:5:   evil_forest, layout_small_grid

Skill      XL: |  1  2  3  4  5  6  7  8  9 10 11 12 13 |
---------------+----------------------------------------+-----
Fighting       | 4 5 6 7 8 10 11 13 14 16 | 16.0
Axes           | 3 4 5 6 8 9 11 12 14 15 | 15.8
Armour         | 4 5 6 7 8 9 11 | 11.9
Shields        | 4 5 6 7 8 9 10 11 | 11.8
Invocations    | 1 3 4 5 6 7 8 |  8.9

Action                   |  1- 3 |  4- 6 |  7- 9 | 10-12 | 13-15 || total
-------------------------+-------+-------+-------+-------+-------++-------
Melee: War axe           |    72 |    31 |       |       |       ||   103
       Headbutt          |     7 |    23 |    35 |    76 |    44 ||   185
       Broad axe         |       |   113 |   254 |   330 |   172 ||   869
Invok: Heroism           |       |       |     2 |    14 |     2 ||    18
       Finesse           |       |       |       |    11 |     1 ||    12
       Duel              |       |       |       |     2 |       ||     2
  Use: Scroll            |     2 |     8 |     4 |    14 |     5 ||    33
       Potion            |       |       |     1 |       |       ||     1
 Stab: Paralysed         |       |     3 |       |       |       ||     3
       Confused          |       |       |       |     1 |       ||     1
Armor: Scale mail        |    54 |    74 |    98 |       |       ||   226
       Plate armour      |       |       |    64 |   226 |   229 ||   519
Dodge: Dodged            |    39 |    84 |    97 |    89 |    97 ||   406
Block: Buckler           |    26 |    29 |    69 |    87 |    71 ||   282

Table legend: (Time is in decaauts)
 A = Elapsed time spent in this place.
 B = Non-inter-level travel time spent in this place.
 C = Inter-level travel time spent in this place.
 D = Time resting spent in this place.
 E = Time spent auto-exploring this place.
 F = Levels seen in this place.
 G = Mean time per level.
                   A        B        C        D        E       F      G
               +--------+--------+--------+--------+--------+-----+--------+
         Total |  23862 |  23219 |    643 |  10182 |   7796 |  19 | 1255.9 |
       Dungeon |  17621 |  17057 |    564 |   7597 |   5719 |  11 | 1601.9 |
        Temple |    331 |    315 |     16 |    175 |      0 |   1 |  331.0 |
          Lair |   5888 |   5825 |     63 |   2410 |   2077 |   5 | 1177.6 |
         Arena |     21 |     21 |      0 |      0 |      0 |   2 |   10.5 |
               +--------+--------+--------+--------+--------+-----+--------+

Top non-repeatable levels by time:
     D:7: 3018 daAuts
     D:6: 2130 daAuts
  Lair:1: 1985 daAuts
     D:5: 1943 daAuts
     D:9: 1898 daAuts
     D:8: 1891 daAuts
    D:11: 1844 daAuts
    D:10: 1512 daAuts
     D:2: 1418 daAuts
  Lair:3: 1254 daAuts
  Lair:2: 1234 daAuts
  Lair:4: 1223 daAuts
     D:1: 851 daAuts
     D:3: 596 daAuts
     D:4: 516 daAuts
